 Dungeon Sprint DCSS version 0.17.0-25-gefc9c12 (webtiles) character file.

2487 George the Grappler (level 9, -4/102 HPs)
             Began as a Troll Berserker on Nov 18, 2015.
             Was an Elder of Trog.
             Slain by a trapdoor spider (6 damage)
             ... in the Dungeon (Sprint I: "Red Sonja").
             The game lasted 00:02:39 (475 turns).

George the Grappler (Troll Berserker)                Turns: 475, Time: 00:02:39

Health: -4/102     AC:  7    Str: 30    XL:     9   Next: 27%
Magic:  8/8        EV: 13    Int:  3    God:    Trog [****..]
Gold:   414        SH:  0    Dex:  9    Spells: 0 memorised, 8 levels left

rFire  . . .     SeeInvis .       - Unarmed
rCold  . . .     Clarity  .     k - +2 robe {rN+}
rNeg   + . .     SustAt   .     (no shield)
rPois  .         Gourm    +     (helmet restricted)
rElec  .         Spirit   .     (no cloak)
rCorr  .         Warding  .     (gloves unavailable)
rMut   .         NoTele   +     (boots unavailable)
MR     ++...                    (no amulet)
Stlth  +.........               (no ring)
                                (no ring)

@: lethally poisoned (-4 -> -7), exhausted, regenerating, slowed, very slow,
very resistant to hostile enchantments, very unstealthy
A: unfitting armour, claws 3, fast metabolism 3, gourmand, regeneration 2,
shaggy fur 1, tough skin 2
a: Berserk, Trog's Hand, Brothers in Arms, Burn Spellbooks, Renounce Religion


You were in the Dungeon.
You worshipped Trog.
Trog was greatly pleased with you.
You were very full.

You visited 1 branch You collected 414 gold pieces.

Inventory:

Hand Weapons
 j - a +0 giant club
Armour
 k - a +2 robe of positive energy (worn)
Scrolls
 h - a scroll of blinking
 l - a scroll of magic mapping {unknown}
 n - a scroll of remove curse {unknown}
Potions
 e - a potion of haste
 f - 2 potions of magic
 g - a potion of berserk rage
 i - a potion of ambrosia {unknown}
Comestibles
 b - 2 bread rations


   Skills:
 + Level 10.7 Fighting
 + Level 10.7 Dodging
 + Level 12.5 Unarmed Combat


You had 8 spell levels left.
You didn't know any spells.

Dungeon Overview and Level Annotations

Branches:
Dungeon (1/1)

Altars:
Elyvilon
Gozag
Kikubaaqudgha
Makhleb
Nemelex Xobeh
Okawaru
Qazlal
Ru
Sif Muna
Trog
Vehumet
Xom
Yredelemnul
Zin
The Shining One

Shops:
D *


Innate Abilities, Weirdness & Mutations

You are too large for most types of armour.
You have claws for hands.
Your metabolism is lightning-fast.
You like to eat raw meat.
You heal very quickly.
You are covered in fur (AC +1).
You have very tough skin (AC +2).


Message History

* * * LOW HITPOINT WARNING * * *
You closely miss the trapdoor spider. You claw the trapdoor spider.
The trapdoor spider is moderately wounded.
You feel sick. The trapdoor spider bites you!
* * * LOW HITPOINT WARNING * * *
The trapdoor spider closely misses you.
You claw the trapdoor spider!
The trapdoor spider is severely wounded.
You feel sick. The trapdoor spider bites you.
* * * LOW HITPOINT WARNING * * *
Drink which item? (? for menu, Esc to quit)
Okay, then.
Your skin crawls.
You feel resistant to hostile enchantments.
You feel slightly less full.
You feel sick. The trapdoor spider bites you!
* * * LOW HITPOINT WARNING * * *
You are lethally poisoned!
The trapdoor spider poisons you! The trapdoor spider closely misses you.
The trapdoor spider bites you.
You die...

.#.['..# .'..#..+
'#####'# ####
.#...#.####§.####
##..##)#(§≈.§#..#
_##'#..'≈§§§§'.†#
..'..._#(≈§..#§§#
_##_.#'##+#####§###
_###+#.# #.@§# ##
### ###s# §# §# §#
§# §#


You could see a trapdoor spider.

Vanquished Creatures
  2 centaur warriors (D)
  An oklob plant (D)
  2 trapdoor spiders (D)
  Sigmund (D)
  A yak (D)
  A wasp (D)
  An ogre (D)
  A jelly (D)
  Ijyb (D)
11 creatures vanquished.

Vanquished Creatures (others)
  A gargoyle (D)
1 creature vanquished.

Grand Total: 12 creatures vanquished

Notes
Turn   | Place    | Note
--------------------------------------------------------------
     0 | D        | George the Troll Berserker began the quest for the Orb.
     0 | D        | Reached XP level 1. HP: 22/22 MP: 0/0
     1 | D        | Noticed Ijyb
    10 | D        | Killed Ijyb
    10 | D        | Reached skill level 4 in Unarmed Combat
    10 | D        | Reached XP level 2. HP: 14/32 MP: 1/1
    81 | D        | Noticed an ogre
    85 | D        | Killed an ogre
    85 | D        | Reached ** piety under Trog
    85 | D        | Reached skill level 5 in Fighting
    85 | D        | Reached skill level 5 in Dodging
    85 | D        | Reached skill level 6 in Unarmed Combat
    85 | D        | Reached XP level 3. HP: 7/42 MP: 2/2
    85 | D        | Reached XP level 4. HP: 8/50 MP: 3/3
   159 | D        | Noticed Sigmund
   166 | D        | Killed Sigmund
   166 | D        | Reached skill level 7 in Unarmed Combat
   166 | D        | Reached XP level 5. HP: 56/61 MP: 4/4
   166 | D        | Reached XP level 6. HP: 62/68 MP: 5/5
   204 | D        | Found a deep blue altar of Sif Muna.
   205 | D        | Noticed a jelly
   206 | D        | Found a radiant altar of Vehumet.
   209 | D        | Killed a jelly
   209 | D        | Reached skill level 8 in Unarmed Combat
   239 | D        | Found Nynann's Assorted Antiques.
   239 | D        | Found a white marble altar of Elyvilon.
   239 | D        | Found a stormy altar of Qazlal.
   239 | D        | Found a basalt altar of Yredelemnul.
   239 | D        | Found an iron altar of Okawaru.
   239 | D        | Found a sparkling altar of Nemelex Xobeh.
   239 | D        | Found a shimmering altar of Xom.
   239 | D        | Found an ancient bone altar of Kikubaaqudgha.
   239 | D        | Noticed a yak
   243 | D        | Killed a yak
   243 | D        | Reached *** piety under Trog
   243 | D        | Reached skill level 9 in Unarmed Combat
   244 | D        | Found a burning altar of Makhleb.
   244 | D        | Found a sacrificial altar of Ru.
   244 | D        | Found a glowing golden altar of the Shining One.
   244 | D        | Found an opulent altar of Gozag.
   244 | D        | Found a glowing silver altar of Zin.
   245 | D        | Found a bloodstained altar of Trog.
   274 | D        | Noticed a centaur warrior
   275 | D        | Noticed a centaur warrior
   276 | D        | Killed a gargoyle
   288 | D        | Killed a centaur warrior
   288 | D        | Reached skill level 10 in Unarmed Combat
   288 | D        | Reached XP level 7. HP: 52/83 MP: 6/6
   288 | D        | Reached XP level 8. HP: 57/92 MP: 7/7
   290 | D        | Killed a centaur warrior
   290 | D        | Reached skill level 10 in Fighting
   290 | D        | Reached skill level 11 in Unarmed Combat
   371 | D        | Noticed a wasp
   375 | D        | Paralysed by a wasp for 1 turns
   378 | D        | Paralysed by a wasp for 1 turns
   381 | D        | Killed a wasp
   381 | D        | Reached **** piety under Trog
   381 | D        | Reached skill level 10 in Dodging
   449 | D        | Noticed an oklob plant
   455 | D        | Killed an oklob plant
   455 | D        | Reached skill level 12 in Unarmed Combat
   455 | D        | Reached XP level 9. HP: 102/102 MP: 8/8
   458 | D        | Noticed a trapdoor spider
   458 | D        | Noticed a trapdoor spider
   458 | D        | Noticed a trapdoor spider
   465 | D        | Killed a trapdoor spider
   468 | D        | Killed a trapdoor spider
   475 | D        | HP: 2/102 [trapdoor spider (9)]
   475 | D        | Slain by a trapdoor spider

Action                   |  1- 3 |  4- 6 |  7- 9 || total
-------------------------+-------+-------+-------++-------
Melee: Unarmed           |    11 |    20 |    27 ||    58
Invok: Berserk           |       |     1 |     1 ||     2
       Trog's Hand       |       |       |     1 ||     1
  Use: Potion            |       |       |     2 ||     2
  Eat: Chunk             |     1 |     4 |     6 ||    11
